 Dungeon Crawl Stone Soup version 0.30.0-15-g856e2d3f33 (webtiles) character file.

Game seed: 2995187635603297789

145 McKennaii the Conjurer (level 4, 0/33 HPs)
             Began as a Demigod Conjurer on May 18, 2023.
             Slain by Grinder (2 damage)
             ... on level 4 of the Dungeon.
             The game lasted 00:04:15 (3008 turns).

McKennaii the Conjurer (Demigod Conjurer)           Turns: 3008, Time: 00:04:16

Health: 0/33       AC:  3    Str:  8    XL:     4   Next: 78%
Magic:  1/11       EV: 12    Int: 24    God:
Gold:   137        SH:  0    Dex: 12    Spells: 6/9 levels left

rFire   . . .        (no weapon)
rCold   . . .        (no shield)
rNeg    . . .        a - +0 robe
rPois   .            n - +0 helmet
rElec   .            (no cloak)
rCorr   .            (no gloves)
SInv    .            (no boots)
Will    .....        (no amulet)
Stlth   ++           (no ring)
HPRegen 0.25/turn    (no ring)
MPRegen 0.12/turn

%: no passive effects
@: no status effects
A: high MP 1, forlorn, divine attributes
a: no special abilities


You were on level 4 of the Dungeon.
You visited 1 branch of the dungeon, and saw 4 of its levels.

You collected 137 gold pieces.

Inventory:

Armour
 a - a +0 robe (worn)
 n - a +0 helmet (worn)
Scrolls
 c - 2 scrolls of enchant weapon {unknown}
 d - 2 scrolls of identify {unknown}
 g - a scroll of poison {unknown}
 h - 3 scrolls of immolation {unknown}
 l - 2 scrolls of teleportation {unknown}
 m - a scroll of blinking {unknown}
 o - a scroll of silence {unknown}
 p - a scroll of noise {unknown}
Potions
 b - a potion of magic
 e - 3 potions of curing
 f - a potion of might {unknown}
 i - a potion of resistance {unknown}
 j - a potion of attraction {unknown}
 k - a potion of lignification {unknown}
 q - a potion of brilliance


   Skills:
 - Level 1.7 Dodging
 - Level 1.7 Stealth
 + Level 3.3 Spellcasting
 + Level 4.8 Conjurations


You had 6 spell levels left.
You knew the following spells:

 Your Spells              Type           Power      Damage    Failure   Level
a - Magic Dart            Conj           100%       1d8       1%          1
b - Searing Ray           Conj           54%        2d6       2%          2

Your spell library contained the following spells:

 Spells                   Type           Power      Damage    Failure   Level
 Dazzling Flash           Conj/Hex       30%        N/A       12%         3
 Call Canine Familiar     Summ           4%         N/A       30%         3
 Portal Projectile        Hex/Tloc       8%         N/A       30%         3
 Tukima's Dance           Hex            4%         N/A       30%         3
 Fulminant Prism          Conj/Hex       7%         3d7       36%         4
 Iskenderun's Mystic Bla  Conj/Tloc      15%        2d5       36%         4
 Leda's Liquefaction      Hex/Erth       2%         N/A       71%         4
 Blade Hands              Tmut           2%         N/A       96%         5


Dungeon Overview and Level Annotations

Branches:
Dungeon (4/15)
 Temple: D:4-7

Annotations:
D:4 Grinder, Sigmund


Innate Abilities, Weirdness & Mutations

You have an increased reservoir of magic. (+10% MP)
You shall have no god before yourself.
Your divine heritage dramatically boosts your attributes as you level up.


Message History

Grinder blinks!
You see here a +0 pair of boots.
Casting: Magic Dart (safe; 1% risk of failure)
Confirm with . or Enter, or press ? or * to list all spells.
Aiming: Searing Ray (safe; 2% risk of failure)
Press: ? - help, Shift-Dir - straight line, f/p - Grinder
Aim: Grinder (lightly wounded, 77% to hit)
The searing ray hits Grinder.
Grinder is lightly wounded. (Press . to maintain the ray.) Grinder gestures at you.
Pain shoots through your body!
The searing ray hits Grinder.
Grinder is moderately wounded.
Grinder hits you.
The searing ray misses Grinder.
Grinder hits you but does no damage.
The searing ray hits Grinder.
Grinder is moderately wounded.
You finish channelling your searing ray.
Grinder gestures at you. Pain shoots through your body!
Unknown command.
Casting: Searing Ray (safe; 2% risk of failure)
Confirm with . or Enter, or press ? or * to list all spells.
Aiming: Searing Ray (safe; 2% risk of failure)
Press: ? - help, Shift-Dir - straight line, f/p - Grinder
Aim: Grinder (moderately wounded, 77% to hit)
The searing ray hits Grinder!
Grinder is heavily wounded. (Press . to maintain the ray.) Grinder gestures at you.
Pain shoots through your body!
* * * LOW HITPOINT WARNING * * *
The searing ray hits Grinder.
Grinder is severely wounded.
Grinder closely misses you.
The searing ray misses Grinder.
Grinder hits you!
* * * LOW HITPOINT WARNING * * *
You writhe in agony.
You die...

##.## ##.## #.# #.# #.#
#.# ##+# #.## ##..>##
######..### ##.....##
#......†..# ##.......##
#.#.###.#.#
#...?.....###....##.#.##
+.....5@.)).............
#.........###.......#.##
##.......## #.#.#.###.#
##.....## #.###)# .#
##...## #.###.###.#
##)## #....)....# #.
#####.##### #. #.# #.
#.#


You could see Grinder.

Vanquished Creatures
  5 adders
  2 worms (D:2)
  4 dart slugs
  7 orcs (D:4)
  7 ball pythons
  8 endoplasms
  A giant cockroach (D:2)
  6 goblins
  6 hobgoblins
  3 jackals
  2 quokkas
  9 bats
  A frilled lizard (D:3)
  11 kobolds
  4 rats
76 creatures vanquished.

Notes
Turn   | Place    | Note
-------+----------+-------------------------------------------
     0 | D:1      | McKennaii the Demigod Conjurer began the quest for the Orb.
     0 | D:1      | Reached XP level 1. HP: 14/14 MP: 5/5
   177 | D:1      | Reached XP level 2. HP: 20/20 MP: 0/7
   335 | D:1      | Reached skill level 4 in Conjurations
   808 | D:1      | Reached XP level 3. HP: 26/26 MP: 5/9
  1048 | D:2      | Learned a level 2 spell: Searing Ray
  1948 | D:3      | Reached XP level 4. HP: 33/33 MP: 9/11
  2635 | D:4      | Noticed Sigmund
  2996 | D:4      | Noticed Grinder
  3008 | D:4      | Slain by Grinder

Illustrated notes

Levels and vault maps discovered:
D:1:      tarquinn_simple_flora_water_d, layout_basic
D:2:      layout_rooms
D:3:      layout_loops_ring
D:4:      cheibrodos_quashed, layout_loops_corners, vehumet_statue,
          lemuel_zombie_altar_yredelemnul, gammafunk_temple_overflow_elements,
          serial_shops, nicolae_shop_real_fake_doors, uniq_sigmund,
          uniq_duvessa, uniq_grinder, uniq_ijyb

Skill      XL: |  1  2  3 |
---------------+----------+-----
Spellcasting   | 2 3 |  3.3
Conjurations   | 4 |  4.8
Dodging        | |  1.7
Stealth        | |  1.7

Action                     |  1- 3 |  4- 6 || total
---------------------------+-------+-------++-------
  Melee: Unarmed           |     9 |       ||     9
   Cast: Magic Dart        |   106 |    45 ||   151
         Searing Ray       |     2 |     6 ||     8
    Use: Potion            |       |     1 ||     1
 Armour: Robe              |     1 |     2 ||     3
  Dodge: Dodged            |    21 |     9 ||    30
